 Dungeon Crawl Stone Soup version 0.30-a0-782-ge64f9170bb (webtiles) character file.

Game seed: 11856570288894886733

102603 Flugslaktarn the Warrior (level 15, -14/152 HPs)
             Began as a Minotaur Fighter on Feb 18, 2023.
             Was the Champion of Cheibriados.
             Demolished by a red ugly thing (23 damage)
             ... on level 15 of the Dungeon.
             The game lasted 00:11:26 (21345 turns).

Flugslaktarn the Warrior (Minotaur Fighter)        Turns: 21345, Time: 00:11:27

Health: -14/152    AC: 22    Str: 48    XL:     15   Next: 86%
Magic:  9/22       EV: 24    Int: 20    God:    Cheibriados [******]
Gold:   1572       SH: 13    Dex: 26    Spells: 14/14 levels left

rFire   . . .      SeeInvis +    x - +9 consecrated labrys {holy, Valiant Fragile Fly SInv}
rCold   + . .      Faith    .    c - +0 buckler
rNeg    . . .      Spirit   .    o - +0 plate armour
rPois   .          Reflect  +    (helmet restricted)
rElec   .          Harm     .    U - +2 cloak {rC+}
rCorr   .          Rampage  .    (no gloves)
Will    +....                    A - +0 pair of boots Stlth
                                 k - amulet of reflection
HPRegen 0.45/turn                a - +6 ring of strength
MPRegen 0.18/turn                v - +5 ring of evasion

@: flying, very slow
A: horns 2, retaliatory headbutt
a: Renounce Religion, Bend Time, Temporal Distortion, Slouch, Step From Time


You were on level 15 of the Dungeon.
You worshipped Cheibriados.
Cheibriados was exalted by your worship.
You visited 3 branches of the dungeon, and saw 21 of its levels.
You also visited: Ossuary and Ice Cave.

You collected 1572 gold pieces.

Inventory:

Hand Weapons
 x - the +9 consecrated labrys (weapon) {holy, Valiant Fragile Fly SInv}
   (You acquired it on level 13 of the Dungeon)

   Valiant:   It becomes more powerful as more dangerous foes come into view.
   SInv:      It lets you see invisible.
   Fly:       It grants you flight.
   Fragile:   It will be destroyed if unequipped.
 V - a +2 broad axe of freezing
   (You found it in an ice cave)
Missiles
 s - 6 throwing nets (quivered)
Armour
 c - a +0 buckler (worn)
 o - a +0 plate armour (worn)
   (You found it on level 4 of the Dungeon)
 A - a +0 pair of boots (worn)
   (You found it on level 6 of the Dungeon)
 U - a +2 cloak of cold resistance (worn)
   (You found it in an ice cave)
Jewellery
 a - a +6 ring of strength (left hand)
   (You found it on level 8 of the Dungeon)
 i - a ring of see invisible
   (You found it on level 3 of the Lair of Beasts)
 k - an amulet of reflection (around neck)
   (You found it on level 2 of the Dungeon)
 v - a +5 ring of evasion (right hand)
   (You found it on level 9 of the Dungeon)
Wands
 g - a wand of digging (9)
   (You found it on level 2 of the Lair of Beasts)
 h - a wand of acid (15)
   (You found it on level 10 of the Dungeon)
 p - a wand of mindburst (9)
   (You found it on level 10 of the Dungeon)
 K - a wand of roots (16)
   (You found it on level 1 of the Lair of Beasts)
 P - a wand of charming (11)
   (You found it on level 4 of the Lair of Beasts)
Scrolls
 e - 8 scrolls of fog
 j - 2 scrolls of enchant weapon
 l - a scroll of magic mapping
 r - 7 scrolls of identify
 t - 4 scrolls of teleportation
 u - 5 scrolls of fear
 y - 4 scrolls of immolation
 z - 5 scrolls of blinking
 C - 3 scrolls of silence
 G - 2 scrolls of butterflies
 M - 2 scrolls of enchant armour
 O - 2 scrolls of brand weapon
Potions
 b - 2 potions of magic
 d - 3 potions of might
 f - 5 potions of cancellation
 m - 3 potions of mutation
 n - 5 potions of resistance
 q - 10 potions of curing
 w - 7 potions of heal wounds
 D - 2 potions of lignification
 E - 3 potions of flight
 L - 2 potions of berserk rage
 N - 3 potions of invisibility
 R - 3 potions of brilliance
 S - a potion of attraction
 T - 2 potions of ambrosia
Miscellaneous
 F - a condenser vane
   (You found it on level 11 of the Dungeon)
 H - a phantom mirror
   (You found it on level 11 of the Dungeon)
 J - a phial of floods
   (You found it on level 11 of the Dungeon)


   Skills:
 + Level 19.2 Fighting
 - Level 16.0 Axes
 + Level 16.1 Armour
 + Level 11.3 Dodging
 - Level 10.5 Shields
 - Level 11.0 Invocations
 - Level 5.0 Evocations


You had 14 spell levels left.
You didn't know any spells.
Your spell library was empty.

Dungeon Overview and Level Annotations

Branches:
Dungeon (15/15) Temple (1/1) D:6 Lair (5/5) D:10 Shoals (0/4) Lair:3 Snake (0/4) Lair:2 Slime (0/5) Lair:5 Orc (0/2) D:12 Vaults (0/5) D:12 D:13 Ossuary (visited) IceCv (visited) Depths: D:15

Altars:
Ashenzari
Cheibriados
Dithmenos
Elyvilon
Hepliaklqana
Makhleb
Nemelex Xobeh
Sif Muna
Trog
Vehumet
Wu Jian
Xom
Yredelemnul
Jiyva

Shops:
D:13 *

Annotations:
D:4 2 transporters, Eustachio; gabibbone's ghost, amateur SpHs
D:10 2 transporters, bmj180's ghost, novice GrEE


Innate Abilities, Weirdness & Mutations

You have a pair of horns on your head.
You reflexively headbutt those who attack you in melee.


Message History

You closely miss the tengu warrior.
The tengu warrior hits you but does no damage.
You block the tengu warrior's attack. x2
The tengu warrior hits you with a +3 glaive.
The tengu warrior completely misses you.
The tengu warrior misses you.
The white ugly thing basks in the mutagenic energy from its kin and changes!
A meliai comes into view. It is wielding a +0 hand axe.
A red ugly thing comes into view.
You cut the brown ugly thing into ribbons!!!
You kill the brown ugly thing!
Cheibriados appreciates the change of pace.
You closely miss the tengu warrior. You barely miss the tengu warrior.
You slash the brown ugly thing!
The meliai calls down the wrath of its god upon you.
Something smites you!
A meliai comes into view. It is wielding a +0 war axe.
The tengu warrior hits you with a +0 great mace!
The tengu warrior closely misses you. The tengu warrior misses you.
You block the tengu warrior's attack. x2; The tengu warrior closely misses you.
The meliai buzzes angrily.
The meliai mumbles some strange prayers to its god against you.
Something smites you!
A deep elf pyromancer comes into view. It is wielding a +3 rapier.
A red ugly thing comes into view.
The red ugly thing misses you. The red ugly thing claws you.
You are engulfed in flames!
You block the meliai's attack. x2
The meliai calls down the wrath of its god upon you.
Something smites you!
* * * LOW HITPOINT WARNING * * *
The brown ugly thing misses you. You furiously retaliate!
You headbutt the brown ugly thing. The tengu warrior closely misses you.
You are too injured to fight recklessly!
You are too injured to fight recklessly!
Okay, then.
You can feel time thicken for a moment.
You kill the meliai!
Cheibriados thoroughly appreciates the change of pace.
You kill the meliai!
Cheibriados thoroughly appreciates the change of pace.
You kill the meliai!
Cheibriados thoroughly appreciates the change of pace.
The deep elf pyromancer shouts!
The red ugly thing gurgles horribly!
The red ugly thing claws you but does no damage.
The brown ugly thing completely misses you.
The tengu warrior barely misses you. You block the tengu warrior's attack.
The tengu warrior claws you but does no damage.
The tengu warrior hits you from afar with a +3 glaive.
* * * LOW HITPOINT WARNING * * *
A red ugly thing comes into view.
You can feel time thicken for a moment.
You kill the tengu warrior!
Cheibriados thoroughly appreciates the change of pace.
An efreet comes into view.
It is wielding a +0 scimitar of flaming.
The deep elf pyromancer gestures wildly while chanting.
The deep elf pyromancer blinks!
The red ugly thing barely misses you.
The brown ugly thing completely misses you.
You block the tengu warrior's attack. The tengu warrior closely misses you.
The tengu warrior claws you but does no damage.
The red ugly thing basks in the mutagenic energy from its kin and changes!
A red ugly thing comes into view.
The red ugly thing gurgles horribly!
You can feel time thicken for a moment.
You kill the tengu warrior!
Cheibriados appreciates the change of pace.
You kill the brown ugly thing!
Cheibriados appreciates the change of pace.
You kill the red ugly thing!
Cheibriados thoroughly appreciates the change of pace.
You kill the purple ugly thing!
Cheibriados thoroughly appreciates the change of pace.
You kill the red ugly thing!
Cheibriados appreciates the change of pace.
You hear a shout!
A red ugly thing comes into view.
The red ugly thing basks in the mutagenic energy from its kin and changes!
A centaur warrior comes into view.
The efreet gestures at you.
The fireball explodes!
The fireball engulfs you!
* * * LOW HITPOINT WARNING * * *
The red ugly thing is engulfed in blazing flames.
You hear a shout! x2
The deep elf pyromancer casts a spell.
The efreet gestures at you. The bolt of fire misses you.
The brown ugly thing basks in the mutagenic energy from its kin and changes!
You see here an ugly thing corpse.
The red ugly thing basks in the mutagenic energy from its kin and changes!
The deep elf pyromancer mumbles some strange words.
The red ugly thing gurgles horribly!
The efreet gestures at you.
The fireball explodes!
The fireball engulfs you!
* * * LOW HITPOINT WARNING * * *
The red ugly thing is engulfed in blazing flames.
You hear a shout!
There is a stone staircase leading up here.
The deep elf pyromancer gestures wildly while chanting.
The deep elf pyromancer blinks!
The red ugly thing tentacle-slaps you!
* * * LOW HITPOINT WARNING * * *
You are engulfed in flames!!
You die...

### ##..#####
##.(.....##
##....@....######
#...##u.......(..
#..$.#...........
#..R†eE.......
##.†☼).E☼......
#....u°).○○)..#
#.....°†.○○.....
#..........?..#.
.........u..○.##


You could see 2 ugly things, a deep elf pyromancer, an efreet and 2 fire
elementals.

Vanquished Creatures
  Rupert (D:12)
  Harold (D:11)
  6 hydras
  3 catoblepae (Lair:5)
  4 centaur warriors
  3 tengu warriors
  6 two-headed ogres
  17 death yaks
  2 boulder beetles
  3 skeletal warriors (D:13)
  Amaemon (D:11)
  A skyshark (Lair:3)
  An orc knight (D:13)
  2 lindwurms
  A necromancer (IceCv)
  23 ugly things
  5 cyclopes
  4 manticores
  Joseph (D:7)
  6 black mambas
  12 elephants
  A torpor snail (Lair:5)
  An ice statue (IceCv)
  An orange demon (D:11)
  A gargoyle (D:12)
  Maggie (D:6)
  3 freezing wraiths (IceCv)
  11 cane toads
  9 rime drakes
  12 komodo dragons
  An unseen horror (D:11)
  An efreet (D:13)
  2 kobold demonologists (D:12)
  3 anaconda simulacra (IceCv)
  14 ice devils (IceCv)
  3 meliai (D:15)
  2 hornets
  8 trolls
  9 polar bears (Lair:5)
  26 blink frogs
  5 dream sheep (Lair:3)
  3 raiju (Lair:5)
  A shadow (D:11)
  7 wyverns
  A centaur simulacrum (D:13)
  36 yaks
  17 slime creatures
  6 basilisks
  3 vampire mosquitoes (D:13)
  2 steam dragons
  16 humans
  6 death yak simulacra (IceCv)
  4 wargs (Lair:5)
  A harpy simulacrum (IceCv)
  2 acid dragons
  2 hydra simulacra (IceCv)
  15 water moccasins
  2 orc warriors
  14 hell hounds (Lair:5)
  3 ice beasts
  12 black bears
  A sky beast (D:8)
  An ogre (D:5)
  13 wolves (Lair:5)
  A phantom (D:5)
  13 centaurs
  2 kobold brigands
  2 gnoll sergeants (D:5)
  17 bullfrogs
  2 two-headed ogre simulacra (IceCv)
  2 scorpions
  2 cane toad simulacra (IceCv)
  4 water moccasin zombies (Ossuary)
  15 wights
  16 killer bees
  5 elephant simulacra (IceCv)
  5 electric eels
  6 howler monkeys
  3 lava snakes (Lair:5)
  3 jellies
  4 orc priests
  A gnoll bouda (D:6)
  5 hounds
  4 iguanas
  Jessica (D:2)
  Natasha (thrice) (D:2)
  A hell rat (Lair:5)
  16 orc wizards
  3 polar bear simulacra (IceCv)
  A spriggan simulacrum (IceCv)
  A troll simulacrum (IceCv)
  4 wolf simulacra (IceCv)
  3 mummies
  29 gnolls
  8 adders
  A naga simulacrum (IceCv)
  A shadow imp (D:6)
  A white imp (IceCv)
  2 ufetubi
  An adder zombie (Ossuary)
  A dart slug (D:3)
  39 orcs
  6 ball pythons
  6 bats
  5 endoplasms
  3 giant cockroaches
  4 goblins
  10 hobgoblins
  17 jackals
  5 quokkas
  3 frilled lizards
  4 gnoll zombies (Ossuary)
  A goblin zombie (D:5)
  6 hobgoblin zombies
  9 kobolds
  9 kobold zombies (Ossuary)
  3 orc zombies (Ossuary)
  3 rats (D:1)
707 creatures vanquished.

Vanquished Creatures (others)
  15 fungi
  35 plants
50 creatures vanquished.

Grand Total: 757 creatures vanquished

Notes
Turn   | Place    | Note
-------+----------+-------------------------------------------
     0 | D:1      | Flugslaktarn the Minotaur Fighter began the quest for the
                  | Orb.
     0 | D:1      | Reached XP level 1. HP: 19/19 MP: 0/0
    21 | D:1      | Reached XP level 2. HP: 10/27 MP: 1/1
   324 | D:1      | Reached XP level 3. HP: 33/33 MP: 2/2
   668 | D:2      | Reached skill level 4 in Fighting
   765 | D:2      | Identified the +6 mace "Viufog" {venom, rF+ Int+2}
   777 | D:2      | Noticed Natasha
   791 | D:2      | HP: 1/33 [Natasha (7)]
   792 | D:2      | Killed Natasha
   793 | D:2      | Reached XP level 4. HP: 2/40 MP: 3/3
   826 | D:2      | Noticed Natasha
   851 | D:2      | Killed Natasha
   862 | D:2      | Noticed Natasha
   868 | D:2      | Killed Natasha
   975 | D:2      | Reached XP level 5. HP: 41/47 MP: 4/4
  1108 | D:2      | Noticed Jessica
  1117 | D:2      | Killed Jessica
  2031 | D:3      | Reached skill level 5 in Axes
  2699 | D:4      | Found a transporter.
  2699 | D:4      | Noticed gabibbone's ghost (amateur SpHs)
  2705 | D:4      | Noticed Eustachio
  2712 | D:4      | Reached XP level 6. HP: 55/55 MP: 5/5
  2719 | D:4      | Found a transporter.
  2725 | D:5      | Entered Level 5 of the Dungeon
  2930 | D:5      | Found a sand-covered staircase.
  2938 | D:5      | Reached skill level 5 in Fighting
  2940 | Ossuary  | Entered an ossuary
  2986 | Ossuary  | Reached skill level 5 in Shields
  2994 | Ossuary  | Reached skill level 5 in Armour
  3096 | Ossuary  | Reached XP level 7. HP: 59/61 MP: 6/6
  3745 | D:5      | Reached skill level 6 in Fighting
  3922 | D:5      | Reached XP level 8. HP: 70/70 MP: 7/7
  4992 | D:6      | Reached skill level 7 in Fighting
  5062 | D:6      | Found a staircase to the Ecumenical Temple.
  5089 | D:6      | Reached XP level 9. HP: 62/79 MP: 8/8
  5110 | Temple   | Entered the Ecumenical Temple
  5182 | Temple   | Became a worshipper of Cheibriados the Contemplative
  5318 | D:6      | Noticed Maggie
  5331 | D:6      | Killed Maggie
  5332 | D:6      | Reached skill level 1 in Invocations
  5680 | D:6      | Found a glowing drain.
  5755 | D:6      | Found a shimmering altar of Xom.
  5831 | D:6      | Reached skill level 10 in Axes
  5831 | D:6      | Reached * piety under Cheibriados
  6521 | D:7      | Reached skill level 8 in Fighting
  6593 | D:7      | Identified the +0 chain mail of Opoodgh {Dex+6 Stlth-}
  7066 | D:7      | Noticed Joseph
  7077 | D:7      | Killed Joseph
  7078 | D:7      | Reached XP level 10. HP: 17/90 MP: 11/11
  7534 | D:8      | Reached ** piety under Cheibriados
  7603 | D:8      | Identified a scroll of acquirement
  7603 | D:8      | Acquired a manual of Fighting
  7799 | D:8      | Paralysed by a hornet for 2 turns
  8007 | D:8      | Reached skill level 9 in Fighting
  8209 | D:8      | Found a bloodstained altar of Trog.
  8527 | D:9      | Reached *** piety under Cheibriados
  8947 | D:9      | Reached skill level 10 in Fighting
  9315 | D:10     | Entered Level 10 of the Dungeon
  9329 | D:10     | Noticed bmj180's ghost (novice GrEE)
  9338 | D:10     | Found a transporter.
  9347 | D:10     | Reached XP level 11. HP: 100/100 MP: 13/13
  9363 | D:10     | Reached **** piety under Cheibriados
  9483 | D:10     | Found a transporter.
  9501 | D:10     | Noticed a two-headed ogre
  9508 | D:10     | Killed a two-headed ogre
  9509 | D:10     | Reached skill level 5 in Invocations
  9656 | D:10     | Noticed a two-headed ogre
  9660 | D:10     | Killed a two-headed ogre
  9873 | D:10     | Found a broken altar of Ashenzari.
  9913 | D:10     | Found a shimmering blue altar of Sif Muna.
  9916 | D:10     | Found a white marble altar of Elyvilon.
  9916 | D:10     | Found a sparkling altar of Nemelex Xobeh.
  9926 | D:10     | Found a hazy altar of Hepliaklqana.
  9985 | D:10     | Reached skill level 11 in Fighting
 10040 | D:10     | Found a staircase to the Lair.
 10293 | D:11     | Reached skill level 10 in Shields
 10408 | D:11     | Reached skill level 10 in Armour
 10724 | D:11     | Reached ***** piety under Cheibriados
 10749 | D:11     | Noticed a two-headed ogre
 10756 | D:11     | Killed a two-headed ogre
 10904 | D:11     | Noticed Harold
 10915 | D:11     | Killed Harold
 10916 | D:11     | Reached skill level 12 in Fighting
 10957 | D:11     | Noticed Amaemon
 10964 | D:11     | Killed Amaemon
 10965 | D:11     | Reached skill level 1 in Evocations
 11330 | D:11     | Reached XP level 12. HP: 97/112 MP: 15/15
 11704 | Lair:1   | Entered Level 1 of the Lair of Beasts
 12182 | Lair:1   | Noticed a boulder beetle
 12187 | Lair:1   | Killed a boulder beetle
 12282 | Lair:1   | Reached skill level 13 in Fighting
 12751 | Lair:2   | Reached skill level 15 in Axes
 12877 | Lair:2   | Found a staircase to the Snake Pit.
 12924 | Lair:2   | Reached skill level 1 in Dodging
 13685 | Lair:3   | Noticed a death yak
 13685 | Lair:3   | Noticed a death yak
 13686 | Lair:3   | Noticed a death yak
 13694 | Lair:3   | Killed a death yak
 13695 | Lair:3   | Killed a death yak
 13696 | Lair:3   | Reached XP level 13. HP: 92/123 MP: 17/17
 13697 | Lair:3   | Reached skill level 14 in Fighting
 14151 | Lair:3   | Found a staircase to the Shoals.
 14361 | Lair:3   | Identified the +6 great sword "Bisuoroa" {flame, Int+3}
 14664 | Lair:4   | Reached skill level 5 in Evocations
 14671 | Lair:4   | Reached skill level 15 in Fighting
 14675 | Lair:4   | Reached skill level 5 in Dodging
 14788 | Lair:4   | Reached ****** piety under Cheibriados
 15128 | Lair:4   | Reached skill level 16 in Fighting
 15349 | Lair:4   | Reached XP level 14. HP: 137/137 MP: 19/19
 15743 | Lair:5   | Entered Level 5 of the Lair of Beasts
 16398 | Lair:5   | Reached skill level 17 in Fighting
 16808 | Lair:5   | Reached skill level 10 in Invocations
 17362 | Lair:5   | Found a viscous altar of Jiyva.
 17362 | Lair:5   | Found a staircase to the Slime Pits.
 18319 | D:12     | Found a staircase to the Orcish Mines.
 19190 | D:13     | Noticed Rupert
 19190 | D:13     | Found a gate to the Vaults.
 19204 | D:12     | Killed Rupert
 19439 | D:13     | Reached skill level 18 in Fighting
 19441 | D:13     | Reached XP level 15. HP: 140/149 MP: 22/22
 19538 | D:13     | Found a frozen archway.
 19545 | IceCv    | Entered an ice cave
 19864 | IceCv    | Found an ancient bone altar of Kikubaaqudgha.
 19866 | IceCv    | Reached skill level 15 in Armour
 20078 | IceCv    | Reached skill level 10 in Dodging
 20106 | IceCv    | Identified the ring "Dossosun" {rN+ Int+3}
 20194 | IceCv    | Found the +4 skin of Zhor {*Englaciate rC+++ SInv}
 20301 | D:13     | Identified the ring of the Invisible Hand {rCorr Str-3
                  | Dex+5}
 20305 | D:13     | Acquired the +5 consecrated labrys {holy, Valiant Fragile
                  | Fly SInv}
 20305 | D:13     | Found the +5 consecrated labrys {holy, Valiant Fragile Fly
                  | SInv}
 20664 | D:13     | Found Kesovigh's Overcharged Wands.
 20993 | D:14     | Identified the +3 battleaxe "Tipsuc" {flame, rC++ SInv}
 21162 | D:14     | Reached skill level 19 in Fighting
 21319 | D:15     | Entered Level 15 of the Dungeon
 21345 | D:15     | Demolished by a red ugly thing

Illustrated notes

Levels and vault maps discovered:
D:1:      doesnt_arrival_eight_statues, layout_basic, grunt_decor_junction
D:2:      layout_basic, uniq_jessica, uniq_terence, uniq_natasha
D:3:      layout_basic
D:4:      layout_cave_pools, mainiacjoe_overflow_cross_hatched,
          gammafunk_ghost_mausoleum, minmay_misc_feat_rugged, uniq_eustachio
D:5:      lemuel_castle_with_subvaults [lemuel_castle_interior_original],
          layout_basic, nicolae_ossuary_entry_giza, feat_on_display
D:6:      layout_cave_pods, overflow_temple_1_default,
          minmay_temple_entry_overgrown, portal_sewer_entry_d, uniq_maggie
D:7:      layout_gridville, chequers_serial_rivers_micro_d, eino_jars,
          uniq_joseph
D:8:      minmay_flawed_box, layout_basic, mainiacjoe_overflow_alcove_2
D:9:      layout_roguey, kennysheep_another_room, minmay_between
D:10:     layout_long_grid, nicolae_overflow_hallway_of_the_gods,
          erik_lair_dragon, gammafunk_ghost_stat_death
D:11:     layout_cave_pools, lightli_minifort, uniq_amaemon, uniq_harold
D:12:     layout_gridville, orc_0_dummy
D:13:     layout_rooms, david_vaults_3, portal_ice_cave_rime,
          nicolae_shop_overcharged_wands
D:14:     layout_rooms, hangedman_abyss_or_decor_passed
D:15:     grunt_enter_depths_hoard, layout_cave_pools,
          nicolae_concentric_dashed_squares_mild,
          nicolae_trove_entry_path_of_doom, chequers_serial_rivers_small_a,
          drop_trap
Temple:   nicolae_temple_superstar
Lair:1:   layout_chaotic_city
Lair:2:   layout_roguey, minmay_snake_entry_six_corridors, grunt_megastairs_2
Lair:3:   layout_roguey, shoals_dummy_entry, beast_lair_carwin_10
Lair:4:   layout_roguey, beast_lair_carwin_8, grunt_megastairs_4
Lair:5:   hangedman_lair_in_review, layout_small_grid,
          hangedman_lair_caniforms_friends, slime_entry_1,
          nicolae_lair_liquid_snakes

Skill      XL: |  1  2  3  4  5  6  7  8  9 10 11 12 13 14 15 |
---------------+----------------------------------------------+-----
Axes           | 3 4 5 6 7 9 11 12 14 15 16 | 16.0
Armour         | 4 5 6 7 8 9 10 11 13 14 16 | 16.1
Shields        | 4 5 6 7 8 9 10 | 10.5
Fighting       | 4 5 6 7 8 10 12 13 16 18 19 | 19.2
Invocations    | 3 4 6 7 9 10 11 | 11.0
Evocations     | 1 4 5 |  5.0
Dodging        | 2 6 9 11 | 11.3

Action                     |  1- 3 |  4- 6 |  7- 9 | 10-12 | 13-15 || total
---------------------------+-------+-------+-------+-------+-------++-------
  Melee: War axe           |    67 |   186 |   333 |   380 |   609 ||  1575
         Headbutt          |     7 |    25 |    61 |    78 |   187 ||   358
         Labrys            |       |       |       |       |    74 ||    74
 Invoke: Slouch            |       |       |       |     1 |     8 ||     9
         Temporal Distorti |       |       |       |       |     1 ||     1
  Evoke: Wand              |       |       |       |     8 |       ||     8
    Use: Potion            |       |     1 |     4 |     1 |       ||     6
         Scroll            |       |     3 |     9 |    12 |     6 ||    30
   Stab: Petrified         |       |       |       |       |     4 ||     4
         Petrifying        |       |       |       |       |     3 ||     3
 Armour: Scale mail        |    18 |       |       |       |       ||    18
         Chain mail        |    18 |    36 |       |       |       ||    54
         Plate armour      |       |    44 |   172 |   199 |   201 ||   616
  Dodge: Dodged            |    24 |    57 |    89 |   145 |   464 ||   779
  Block: Buckler           |    15 |    88 |   190 |   235 |   438 ||   966
         Reflection        |       |     1 |    13 |    15 |    13 ||    42

Table legend: (Time is in decaauts)
 A = Elapsed time spent in this place.
 B = Non-inter-level travel time spent in this place.
 C = Inter-level travel time spent in this place.
 D = Time resting spent in this place.
 E = Time spent auto-exploring this place.
 F = Levels seen in this place.
 G = Mean time per level.
                   A        B        C        D        E       F      G
               +--------+--------+--------+--------+--------+-----+--------+
         Total |  28252 |  26804 |   1448 |   3074 |  19755 |  23 | 1228.3 |
       Dungeon |  17384 |  16348 |   1036 |   1806 |  12030 |  15 | 1158.9 |
        Temple |     93 |     74 |     19 |      0 |     65 |   1 |   93.0 |
          Lair |   9447 |   9055 |    392 |   1102 |   6876 |   5 | 1889.4 |
       Ossuary |    278 |    278 |      0 |      0 |    169 |   1 |  278.0 |
      Ice Cave |   1049 |   1049 |      0 |    166 |    614 |   1 | 1049.0 |
               +--------+--------+--------+--------+--------+-----+--------+

Top non-repeatable levels by time:
  Lair:5: 3078 daAuts
     D:5: 2035 daAuts
  Lair:4: 1838 daAuts
    D:10: 1825 daAuts
    D:12: 1793 daAuts
    D:11: 1784 daAuts
  Lair:2: 1682 daAuts
     D:6: 1559 daAuts
  Lair:1: 1458 daAuts
  Lair:3: 1388 daAuts
     D:7: 1313 daAuts
     D:9: 1280 daAuts
     D:3: 1123 daAuts
    D:13: 1084 daAuts
     D:8: 1066 daAuts
